 Dungeon Crawl Stone Soup version 0.28-a0-1143-gcf6077d4cc (webtiles) character file.

Game seed: 14325697968246796122

237 runemasterragnar the Grave Robber (level 5, -2/42 HPs)
             Began as a Deep Dwarf Necromancer on Dec 13, 2021.
             Slain by a hornet (12 damage)
             ... on level 4 of the Dungeon on Dec 14, 2021.
             The game lasted 00:09:25 (4372 turns).

runemasterragnar the Grave Robber (DDNe)            Turns: 4372, Time: 00:09:26

Health: -2/42      AC:  3    Str: 12    XL:     5   Next: 77%
Magic:  9/9        EV: 12    Int: 17    God:
Gold:   173        SH:  0    Dex: 13    Spells: 6/10 levels left

rFire   . . .      SeeInvis .   j - +0 morningstar
rCold   . . .      Faith    .   (no shield)
rNeg    . . .      Spirit   .   a - +0 robe
rPois   .          Reflect  .   (no helmet)
rElec   .          Harm     .   f - +0 cloak
rCorr   .          Rampage  .   (no gloves)
Will    .....                   (no boots)
Stlth   ++........              (no amulet)
HPRegen 0.00/turn               (no ring)
MPRegen 0.11/turn               (no ring)

@: slowed, very slow
A: damage resistance, heal wounds, sense surroundings 1, no regeneration, talons
1, subdued magic 1
a: Heal Wounds


You were on level 4 of the Dungeon.
You visited 1 branch of the dungeon, and saw 5 of its levels.
You also visited: Sewer.

You collected 173 gold pieces.

Inventory:

Hand Weapons
 i - a +0 dagger
 j - a +0 morningstar (weapon)
Armour
 a - a +0 robe (worn)
 f - a +0 cloak (worn)
Wands
 b - a wand of mindburst (10)
Scrolls
 e - a scroll of immolation
 g - 2 scrolls of teleportation
 h - a scroll of blinking
Potions
 c - 2 potions of haste {unknown}


   Skills:
 - Level 2.1 Dodging
 - Level 2.4 Stealth
 + Level 3.2 Spellcasting
 * Level 6.8 Necromancy


You had 6 spell levels left.
You knew the following spells:

 Your Spells              Type           Power      Damage    Failure   Level
a - Pain                  Necr           80%        1d8       1%          1
b - Vampiric Draining     Necr           20%        2d7       2%          3

Your spell library contained the following spells:

 Spells                   Type           Power      Damage    Failure   Level
 Animate Skeleton         Necr           40%        N/A       1%          1
 Animate Dead             Necr           10%        N/A       8%          4
 Foxfire                  Conj/Fire      8%         2x1d4     14%         1
 Agony                    Necr           20%        N/A       24%         5
 Conjure Flame            Conj/Fire      2%         6-21      41%         3
 Inner Flame              Hex/Fire       2%         N/A       41%         3
 Tukima's Dance           Hex            2%         N/A       41%         3
 Flame Wave               Conj/Fire      2%         2d4       83%         4
 Passage of Golubria      Tloc           2%         N/A       83%         4
 Yara's Violent Unravell  Hex/Tmut       1%         3d3       99%         5


Dungeon Overview and Level Annotations

Branches:
Dungeon (5/15)              Sewer (visited)
 Temple: D:4-7

Altars:
Ru

Annotations:
D:2 Sigmund


Innate Abilities, Weirdness & Mutations

You are resistant to damage.
You can heal yourself by infusing magical energy.
You passively map a small area around you.
You do not regenerate.
You have sharp toenails.
Your spells are a little easier to cast, but a little less powerful.


Message History

The worm writhes in agony.
Unknown command.
Casting: Pain (safe; 1% risk of failure)
Confirm with . or Enter, or press ? or * to list all spells.
Aiming: Pain (safe; 1% risk of failure)
Press: ? - help, Shift-Dir - straight line, f/p - worm
Aim: a worm (heavily wounded, chance to affect: 85%)
The worm writhes in agony!
Unknown command.
Unknown command.
Casting: Pain (safe; 1% risk of failure)
Confirm with . or Enter, or press ? or * to list all spells.
Aiming: Vampiric Draining (dangerous; 2% risk of failure)
Press: ? - help, Shift-Dir - straight line, f/p - worm
Aim: a worm (almost dead)
You draw life force from the worm.
You kill the worm!
You feel life coursing into your body.
Unknown command.
Unknown command.
Unknown command.
Magic restored.
You now have 173 gold pieces (gained 5).
There is a stone staircase leading up here.
A two-headed ogre comes into view.
It is wielding a +0 giant club and a +4 antimagic dire flail.
A two-headed ogre is nearby!
A two-headed ogre is nearby!
A two-headed ogre is nearby!
There is a stone staircase leading up here.
You climb upwards.
The kobold shouts!
The hornet stings you.
You feel yourself slow down. The kobold closely misses you.
The hornet stings you!
* * * LOW HITPOINT WARNING * * *
You feel as though you will be slow longer.
There is a stone staircase leading down, spattered with blood here.
Unknown command.
Okay, then.
The hornet stings you!
You die...

*####.. , , , ,.....
..#.., , .... , ....
, .... * * , ... *
..... , *. , , #.##
..... ,... #..###
......
.....####...##..?...
.......<...@y...?K..
..........##Kw...##**
* .....###.#####..##
.#.# #.. ## , #,*
.... , , *#####. * ,
#. * , , , , * * .. *
* , , , ,


You could see a hornet, a worm and 2 kobolds.

Vanquished Creatures
  A water moccasin (Sewer)
  5 adders
  A river rat (D:5)
  5 worms
  3 dart slugs (D:3)
  4 bats
  6 endoplasms
  2 giant cockroaches (D:2)
  4 goblins
  3 jackals
  9 kobolds
  4 quokkas
  A ball python (D:1)
  4 frilled lizards
  10 rats
62 creatures vanquished.

Notes
Turn   | Place    | Note
-------+----------+-------------------------------------------
     0 | D:1      | runemasterragnar the Deep Dwarf Necromancer began the quest
                  | for the Orb.
     0 | D:1      | Reached XP level 1. HP: 15/15 MP: 3/3
     1 | D:1      | Found a runed translucent door.
   533 | D:1      | Reached XP level 2. HP: 19/22 MP: 0/5
   909 | D:1      | Found a faded altar of an unknown god.
  1292 | D:1      | Reached skill level 5 in Necromancy
  1357 | D:2      | Noticed Sigmund
  1813 | D:3      | Reached XP level 3. HP: 19/28 MP: 1/6
  1867 | D:3      | Learned a level 3 spell: Vampiric Draining
  1937 | D:3      | Gained mutation: You have sharp toenails. [potion of
                  | mutation]
  1937 | D:3      | Gained mutation: Your spells are a little easier to cast,
                  | but a little less powerful. [potion of mutation]
  2879 | D:2      | Found a sacrificial altar of Ru.
  2967 | D:2      | Reached XP level 4. HP: 20/36 MP: 0/7
  3439 | D:4      | Noticed a hornet
  3443 | D:5      | Entered Level 5 of the Dungeon
  3519 | D:5      | Reached skill level 6 in Necromancy
  3584 | D:5      | Found a glowing drain.
  3588 | Sewer    | Entered a sewer
  3978 | Sewer    | Noticed a water moccasin
  3995 | Sewer    | Killed a water moccasin
  3996 | Sewer    | Reached XP level 5. HP: 6/42 MP: 1/9
  4348 | D:5      | Noticed a two-headed ogre
  4372 | D:4      | Slain by a hornet

Illustrated notes

Levels and vault maps discovered:
D:1:      dpeg_arrival_caged_fury, layout_basic,
          hellmonk_ecumenical_altar_heavens_door
D:2:      layout_loops_cross, basic_altar, uniq_natasha,
          uniq_crazy_yiuf_cottage, uniq_sigmund, uniq_terence
D:3:      layout_rooms
D:4:      layout_rooms
D:5:      layout_basic, lightli_sewer_entry_pipes, uniq_eustachio

Skill      XL: |  1  2  3  4 |
---------------+-------------+-----
Spellcasting   | 2 3 |  3.2
Necromancy     | 5 6 |  6.8
Dodging        | |  2.1
Stealth        | |  2.4

Action                   |  1- 3 |  4- 6 || total
-------------------------+-------+-------++-------
Melee: Unarmed           |     2 |       ||     2
       Dagger            |    13 |    32 ||    45
       Kick              |     2 |     1 ||     3
       Morningstar       |       |     1 ||     1
 Cast: Pain              |    56 |    38 ||    94
       Vampiric Draining |    14 |    11 ||    25
  Use: Scroll            |     2 |     4 ||     6
       Potion            |     1 |     3 ||     4
 Stab: Sleeping          |     2 |       ||     2
       Invisible         |       |     2 ||     2
Armor: Robe              |     8 |    10 ||    18
Dodge: Dodged            |    39 |    48 ||    87

Table legend: (Time is in decaauts)
 A = Elapsed time spent in this place.
 B = Non-inter-level travel time spent in this place.
 C = Inter-level travel time spent in this place.
 D = Time resting spent in this place.
 E = Time spent auto-exploring this place.
 F = Levels seen in this place.
 G = Mean time per level.
                   A        B        C        D        E       F      G
               +--------+--------+--------+--------+--------+-----+--------+
         Total |   4429 |   4429 |      0 |   1358 |   2276 |   6 |  738.2 |
       Dungeon |   3863 |   3863 |      0 |    958 |   2195 |   5 |  772.6 |
         Sewer |    565 |    565 |      0 |    400 |     80 |   1 |  565.0 |
               +--------+--------+--------+--------+--------+-----+--------+

Top non-repeatable levels by time:
     D:1: 1357 daAuts
     D:3: 1172 daAuts
     D:2: 898 daAuts
   Sewer: 565 daAuts
     D:5: 418 daAuts
     D:4: 17 daAuts
